AoeStats
← IGNASI

Arena

507930571Analyzed
2v2 RM · 11d ago on Sep 20, 2026· 37m 52s· 4 players
Game mode
Random Map
Map size
Medium (4 player)
Population
200
Speed
Normal
Resources
Standard
Victory
Conquest
Starting age
Dark Age
Ending age
Imperial Age
RankedLock teamsTeams togetherTeam positionsShared explorationLock speedFull tech treeHidden civsTurbo modeCheats
Victory
Defeat
🇧🇪 Spanish · Belgium
1065
+18
🇧🇪 Romans · Belgium
1010
+20
🇪🇸 Italians · Spain
1224
-24
🇪🇸 Romans · Spain
988
-18
nielsjehaes23
10:52 Feudal Age
12:09 Double-Bit Axe
15:03 Horse Collar
17:28 Castle Age
15:15 Loom
16:40 Wheelbarrow
18:49 Bow Saw
18:54 Forging
18:45 Scale Mail Armor
18:53 Scale Barding Armor
20:57 Heavy Plow
21:21 Stone Mining
21:28 Gold Mining
24:09 Hand Cart
24:44 Husbandry
24:58 Bloodlines
25:08 Man-at-Arms
27:47 Long Swordsman
40:48 Imperial Age
Sjupnol
11:42 Feudal Age
15:38 Castle Age
14:12 Double-Bit Axe
15:05 Horse Collar
20:44 Man-at-Arms
23:18 Scale Mail Armor
24:26 Loom
25:11 Long Swordsman
26:11 Squires
26:02 Gambesons
26:31 Forging
27:51 Chain Mail Armor
31:22 Scale Barding Armor
31:52 Iron Casting
32:25 Wheelbarrow
32:34 Chain Barding Armor
32:49 Bloodlines
34:10 Husbandry
IGNASI
11:33 Feudal Age
12:00 Loom
12:41 Double-Bit Axe
13:05 Horse Collar
20:54 Castle Age
20:51 Man-at-Arms
21:48 Long Swordsman
25:50 Scale Mail Armor
29:17 Chain Mail Armor
29:21 Squires
cot
1:03 Loom
11:01 Feudal Age
14:54 Castle Age
13:05 Double-Bit Axe
14:13 Fletching
16:45 Bow Saw
16:42 Horse Collar
17:13 Crossbowman
22:33 Bodkin Arrow
23:22 Ballistics
23:05 Padded Archer Armor
24:49 Leather Archer Armor
26:09 Thumb Ring
Connection lost

Rejoining the realm…

Still unreachable

The connection could not be restored.

Session expired

The server has moved on; the page needs a fresh start.